 Dungeon Crawl Stone Soup version 0.30.1-3-gfc49f6343a (webtiles) character file.

Game seed: 17587467751577855208

32 Anriel the Insei (level 3, -1/23 HPs)
             Began as a Vampire Monk on July 27, 2023.
             Slain by a gnoll
             ... wielding a +0 flail
              (9 damage)
             ... on level 2 of the Dungeon.
             The game lasted 00:05:59 (781 turns).

Anriel the Insei (Vampire Monk)                      Turns: 781, Time: 00:05:59

Health: -1/23      AC:  2    Str: 12    XL:     3   Next: 10%
Magic:  3/3        EV: 13    Int: 12    God:
Gold:   19         SH:  0    Dex: 16    Spells: 2/2 levels left

rFire   . .          .
                       - Unarmed
rCold   + + .        (no shield)
rNeg    + + +        a - +0 robe
rPois   ∞            (no helmet)
rElec   .            (no cloak)
rCorr   .            (no gloves)
SInv    +            (no boots)
Will    .....        (no amulet)
Stlth   ++++         (no ring)
HPRegen 0.00/turn    (no ring)
MPRegen 0.08/turn

%: no passive effects
@: bloodless, inhibited regen
A: bloodless, fangs 3, see invisible, vampiric 2
a: Bat Form, Revivify


You were on level 2 of the Dungeon.
You visited 1 branch of the dungeon, and saw 2 of its levels.

You collected 43 gold pieces.
You spent 24 gold pieces at shops.

Inventory:

Missiles
 j - 2 atropa-tipped darts (quivered)
Armour
 a - a +0 robe (worn)
 c - an orb of light
Scrolls
 f - a scroll of teleportation {unknown}
Potions
 b - 2 potions of ambrosia
 d - 2 potions of heal wounds {unknown}
 g - 2 potions of lignification
 h - a potion of haste
 i - a potion of flight {unknown}


   Skills:
 + Level 3.0 Fighting
 + Level 3.6 Dodging
 * Level 2.6 Stealth
 + Level 3.6 Unarmed Combat


You had 2 spell levels left.
You didn't know any spells.
Your spell library was empty.

Dungeon Overview and Level Annotations

Branches:
Dungeon (2/15)

Altars:

Shops:
D:1 ?


Innate Abilities, Weirdness & Mutations

You do not regenerate when monsters are visible.
You are frail without blood (-20% HP).
You can heal yourself when you bite living creatures.
You are immune to poison.
You have razor-sharp teeth.
You have supernaturally acute eyesight. (SInv)
You are afflicted with vampirism and can become a bat while bloodless.


Message History

Found a plate armour.
An adder and a gnoll come into view.
Found 10 gold pieces.
The adder hisses angrily.
The adder misses you.
You hit the adder.
The adder is moderately wounded.
The adder closely misses you.
You hit the adder.
The adder is almost dead.
The adder bites you.
You barely miss the adder.
The adder is almost dead.
The adder barely misses you.
You hit the adder.
You kill the adder!
Your Fighting skill increases to level 3!
You have reached level 3!
Your experience leads to an increase in your attributes!
Increase (S)trength, (I)ntelligence, or (D)exterity?
You feel stronger. x2
You can now turn into a vampire bat when bloodless.
A hobgoblin comes into view.
The gnoll shouts! x2; The hobgoblin shouts!
You hear an angry hiss.
The gnoll hits you with a +0 halberd.
A gnoll comes into view. It is wielding a +0 club.
You barely miss the gnoll.
A ball python comes into view.
The gnoll barely misses you.
The ball python attacks as you move away!
The ball python bites you. The ball python misses you.
The ball python bites you. The ball python grabs you.
The ball python constricts you.
You hit the ball python.
You kill the ball python!
The gnoll attacks as you move away! The gnoll hits you with a +0 flail!
* * * LOW HITPOINT WARNING * * *
Unknown command.
You feel better. The gnoll hits you with a +0 flail!
You die...

..# #.# #.# #.# #.# #.# #.#
#.## #.# #######..#### #.#
#....g......# #.#
#.#.##g.....#######.####
#..####.#.#..@................
#........g##......######.#####
#.#####g!..........# #.#
####...###..##..#####.##
#.gg.[........###.........####
#######..###### #.######..#)<.
...... #.# #..#.## ####..##
#.# #..#.# ##.# #.# #..#.#


You could see 2 gnolls.

Vanquished Creatures
  An adder (D:2)
  A dart slug (D:1)
  2 bats (D:1)
  An endoplasm (D:1)
  A giant cockroach (D:1)
  2 goblins (D:1)
  4 hobgoblins (D:1)
  A quokka (D:1)
  2 ball pythons
  A frilled lizard (D:2)
  2 kobolds
  2 rats (D:1)
20 creatures vanquished.

Notes
Turn   | Place    | Note
-------+----------+-------------------------------------------
     0 | D:1      | Anriel the Vampire Monk began the quest for the Orb.
     0 | D:1      | Reached XP level 1. HP: 17/17 MP: 1/1
   130 | D:1      | Reached skill level 1 in Stealth
   150 | D:1      | Reached XP level 2. HP: 18/18 MP: 2/2
   345 | D:1      | Found Onalir's Magic Scroll Emporium.
   354 | D:1      | Bought a scroll of identify for 24 gold pieces
   760 | D:2      | Gained mutation: You are afflicted with vampirism and can
                  | become a bat while bloodless. [Vampire growth]
   760 | D:2      | Reached XP level 3. HP: 23/23 MP: 3/3
   780 | D:2      | HP: 1/23 [gnoll/+0 flail (11)]
   781 | D:2      | Slain by a gnoll

Illustrated notes

Levels and vault maps discovered:
D:1:      heliophobic_arrival_glass_houses, layout_loops_cross, serial_shops,
          nicolae_shop_tiny_statue_garden
D:2:      layout_loops_ring, uniq_crazy_yiuf_cottage

Skill      XL: |  1  2 |
---------------+-------+-----
Stealth        | 1 2 |  2.6
Fighting       | 3 |  3.0
Dodging        | |  3.6
Unarmed Combat | |  3.6

Action                     || total
---------------------------++-------
  Melee: Unarmed           ||    47
         Bite              ||     4
Ability: Exsanguinate      ||     1
    Use: Scroll            ||     4
         Potion            ||     1
   Stab: Sleeping          ||     7
 Armour: Robe              ||     7
  Dodge: Dodged            ||    30
